 Dungeon Crawl Stone Soup version 0.31.0-32-g396128a36d (webtiles) character file.

Game seed: 7031890232735650897

8778 AdnanSaban the Basher (level 11, -3/66 HPs)
             Began as a Gargoyle Fighter on Apr 17, 2024.
             Was a High Priest of Okawaru.
             Slain by an acid dragon (8 damage)
             ... on level 9 of the Dungeon.
             The game lasted 00:15:23 (10790 turns).

AdnanSaban the Basher (Gargoyle Fighter)           Turns: 10790, Time: 00:15:23

Health: -3/66      AC: 24    Str: 24    XL:     11   Next: 36%
Magic:  13/14      EV: 11    Int:  9    God:    Okawaru [*****.]
Gold:   382        SH: 12    Dex:  9    Spells: 10/10 levels left

rFire   . . .        k - +0 whip (venom)
rCold   . . .        c - +0 kite shield
rNeg    + . .        m - +0 chain mail
rPois   ∞            E - +0 helmet
rElec   +            (no cloak)
rCorr   +            b - +0 pair of gloves
SInv    .            (no boots)
Will    .....        (no amulet) Stlth
                     o - ring of resist corrosion
HPRegen 0.31/turn    t - +4 ring of protection
MPRegen 0.14/turn

%: no passive effects
@: heroic, corroded
A: sickness immunity, AC +8, negative energy resistance 1, electricity
resistance, torment resistance 1, petrification resistance
a: Renounce Religion, Heroism, Finesse, Duel


You were on level 9 of the Dungeon.
You worshipped Okawaru.
Okawaru was extremely pleased with you.
You visited 2 branches of the dungeon, and saw 10 of its levels.
You also visited: Sewer.

You collected 382 gold pieces.

Inventory:

Hand Weapons
 k - a +0 whip of venom (weapon)
Missiles
 n - a poisoned dart (quivered)
 w - 2 throwing nets
 I - 5 silver javelins
 J - 2 datura-tipped darts
Armour
 b - a +0 pair of gloves (worn)
 c - a +0 kite shield (worn)
 m - a +0 chain mail (worn)
 p - a +0 tower shield
 E - a +0 helmet (worn)
Jewellery
 o - a ring of resist corrosion (left hand)
 t - a +4 ring of protection (right hand)
 H - a ring of flight
Wands
 D - a wand of digging (4)
 F - a wand of paralysis (7)
Scrolls
 a - 2 scrolls of fog {unknown}
 g - 2 scrolls of immolation {unknown}
 h - 3 scrolls of enchant armour {unknown}
 i - 12 scrolls of identify {unknown}
 l - 3 scrolls of poison {unknown}
 s - a scroll of revelation {unknown}
 u - 3 scrolls of amnesia {unknown}
 y - a scroll of vulnerability {unknown}
 z - 2 scrolls of noise {unknown}
 C - 2 scrolls of brand weapon {unknown}
Potions
 d - 2 potions of might
 e - 3 potions of lignification {unknown}
 f - 4 potions of curing
 j - a potion of resistance {unknown}
 q - 3 potions of experience {unknown}
 r - a potion of berserk rage {unknown}
 v - 2 potions of heal wounds {unknown}
 x - 2 potions of brilliance {unknown}
 A - 2 potions of magic {unknown}
 B - a potion of enlightenment {unknown}
 G - a potion of attraction {unknown}
Miscellaneous
 K - a lightning rod (4/4)


   Skills:
 + Level 6.7(11.7) Fighting
 + Level 9.8(14.8) Maces & Flails
 + Level 1.6(6.6) Throwing
 + Level 9.4(14.4) Armour
 + Level 4.5(9.5) Dodging
 + Level 1.3(6.3) Stealth
 + Level 9.1(14.1) Shields
 - Level 5.0 Invocations


You had 10 spell levels left.
You didn't know any spells.
Your spell library contained the following spells:

 Spells                   Type           Power      Damage    Failure   Level
 Apportation              Tloc           0%         N/A       91%         1
 Necrotise                Necr           0%         1d4       91%         1
 Sting                    Conj/Alch      0%         1d3       91%         1
 Scorch                   Fire           0%         2d5       97%         2
 Inner Flame              Hex/Fire       0%         N/A       100%        3
 Flame Wave               Conj/Fire      0%         2d4       100%        4
 Sticky Flame             Fire/Alch      0%         2d4       100%        4
 Summon Small Mammal      Summ           Unusable   N/A       N/A         1
 Summon Cactus Giant      Summ           Unusable   N/A       N/A         6

Dungeon Overview and Level Annotations

Branches:
Dungeon (9/15)             Temple (1/1) D:4           Sewer (visited)
   Lair: D:8-11         Orc: D:9-12

Altars:
Ashenzari
Cheibriados
Dithmenos
Elyvilon
Fedhas
Gozag
Hepliaklqana
Kikubaaqudgha
Makhleb
Nemelex Xobeh
Okawaru
Qazlal
Ru
Sif Muna
Trog
Uskayaw
Wu Jian
Xom
Yredelemnul
The Shining One

Annotations:
D:7 Jeremiah


Innate Abilities, Weirdness & Mutations

You are immune to sickness and miasma.
Your stone body is resilient. (AC +8)
You are immune to poison.
You resist negative energy. (rN+)
You are resistant to electric shocks. (rElec)
You are resistant to unholy torment.
You are immune to petrification.


Message History

You gain the combat prowess of a mighty hero.
The centaur warrior hits you.
The centaur warrior kicks you but does no damage.
The acid dragon barely misses you. You block the acid dragon's attack.
A centaur warrior comes into view.
You hit the centaur warrior.
The centaur warrior looks as sick as possible!
The centaur warrior is heavily wounded.
The centaur shoots an arrow.
The arrow barely misses you. You block the centaur warrior's attack.
The centaur warrior kicks you but does no damage.
The acid dragon spits acid at you. The splash of acid hits you! You resist.
You whack the centaur warrior!
The centaur warrior looks as sick as possible!
The centaur warrior is severely wounded.
You block the centaur warrior's attack.
The centaur warrior kicks you but does no damage.
The centaur warrior wields a +0 shortbow.
The centaur warrior shoots an arrow.
The arrow closely misses you.
The centaur shoots an arrow.
The arrow barely misses you.
The centaur warrior wields a +0 orcbow.
The centaur warrior shoots an arrow.
You block the arrow.
The acid dragon attacks as it pursues you!
The acid dragon bites you but does no damage.
The acid dragon claws you but does no damage.
The acid dragon attacks as it pursues you!
You block the acid dragon's attack. x2
The acid dragon attacks as it pursues you!
The acid dragon bites you but does no damage.
You block the acid dragon's attack.
The centaur shoots an arrow.
You block the arrow.
The centaur warrior shoots an arrow.
You block the arrow.
The centaur warrior shoots an arrow.
The arrow hits you.
The centaur warrior shoots an arrow.
The arrow hits you but does no damage.
The centaur warrior shoots an arrow.
The arrow hits you!
* * * LOW HITPOINT WARNING * * *
The acid dragon attacks as it pursues you!
The acid dragon bites you!
You die...

####....#....######..........
..................#.#.#######
.......c..##......#.#.#
.......c..##......#...#
........c.........#.###
...(....#....#....#.##########
........#.....................
........#......##.............
?.......#...D@.##.............
.....?..#.....................
####....######....#...........
...... ................))
..................
..................
..................
#######......... #.........


You could see 2 centaur warriors, an acid dragon and a centaur.

Vanquished Creatures
  2 boulder beetles (D:9)
  A tengu warrior (D:8)
  Pikel (D:7)
  An ugly thing (D:8)
  Maggie (D:8)
  Psyche (D:8)
  Prince Ribbit (D:8)
  A slime creature (D:8)
  13 yaks (D:8)
  A wyvern (D:7)
  Menkaure (D:5)
  3 water moccasins
  An ice beast (D:7)
  A black bear (D:5)
  A sky beast (D:7)
  An ogre (D:7)
  A centaur (D:8)
  2 lemures (D:7)
  2 gnoll sergeants
  5 bullfrogs
  A necrophage (D:4)
  6 wights (D:8)
  A water moccasin skeleton (D:4)
  10 killer bees
  A bombardier beetle (D:5)
  3 hounds
  A human zombie (D:4)
  5 orc priests
  A jelly (D:5)
  A centaur skeleton (D:4)
  2 gnoll boudas
  3 sleepcaps
  4 scorpion zombies (D:4)
  3 orc wizards
  3 iguanas
  2 hound zombies (D:4)
  12 gnolls
  10 adders
  6 river rats (Sewer)
  3 white imps
  2 ufetubi (D:7)
  An adder zombie (D:4)
  5 dart slugs
  3 ribbon worms
  9 orcs
  12 ball pythons
  5 endoplasms
  3 giant cockroaches
  5 goblins
  4 hobgoblins
  3 jackals
  20 kobolds
  3 quokkas
  4 bats
  A quokka zombie (D:4)
  24 rats
223 creatures vanquished.

Notes
Turn   | Place    | Note
-------+----------+-------------------------------------------
     0 | D:1      | AdnanSaban the Gargoyle Fighter began the quest for the
                  | Orb.
     0 | D:1      | Reached XP level 1. HP: 14/14 MP: 1/1
   254 | D:1      | Reached XP level 2. HP: 17/19 MP: 2/2
   568 | D:1      | Found a faded altar of an unknown god.
   855 | D:2      | Reached XP level 3. HP: 24/24 MP: 3/3
  1366 | D:2      | Reached skill level 1 in Dodging
  1366 | D:2      | Reached XP level 4. HP: 29/29 MP: 4/4
  1371 | D:2      | Noticed a gnoll sergeant
  1371 | D:2      | Found the +5 woodcutter's axe
  1400 | D:2      | Killed a gnoll sergeant
  1401 | D:2      | Reached XP level 5. HP: 10/33 MP: 5/5
  2021 | D:3      | Found a shimmering altar of Xom.
  2030 | D:3      | Found a bloodstained altar of Trog.
  2033 | D:3      | Found a sacrificial altar of Ru.
  2033 | D:3      | Found a burning altar of Makhleb.
  2443 | D:4      | Found a staircase to the Ecumenical Temple.
  2462 | Temple   | Entered the Ecumenical Temple
  2511 | D:4      | Reached XP level 6. HP: 34/38 MP: 6/6
  2660 | D:4      | Found an ancient bone altar of Kikubaaqudgha.
  2766 | D:4      | Reached XP level 7. HP: 26/43 MP: 7/7
  2876 | D:4      | Reached skill level 5 in Maces & Flails
  2897 | D:4      | Reached skill level 5 in Armour
  2987 | D:4      | Found an iron altar of Okawaru.
  3197 | D:4      | Became a worshipper of Warmaster Okawaru
  3375 | D:4      | Found a white marble altar of Elyvilon.
  3627 | D:5      | Entered Level 5 of the Dungeon
  3682 | D:5      | Found a glowing drain.
  3686 | Sewer    | Entered a sewer
  4156 | Sewer    | Reached XP level 8. HP: 41/48 MP: 8/8
  4559 | D:5      | Noticed Menkaure
  4574 | D:5      | Killed Menkaure
  4575 | D:5      | Reached skill level 5 in Shields
  4767 | D:5      | Reached * piety under Okawaru
  5537 | D:6      | Found a blossoming altar of Fedhas.
  6427 | D:7      | Reached skill level 5 in Fighting
  6461 | D:7      | Noticed a wyvern
  6472 | D:7      | Killed a wyvern
  6472 | D:7      | Reached ** piety under Okawaru
  6473 | D:7      | Reached XP level 9. HP: 18/54 MP: 9/9
  7081 | D:7      | Noticed Jeremiah
  7513 | D:7      | Noticed Pikel
  7539 | D:7      | Killed Pikel
  7936 | D:8      | Reached skill level 1 in Stealth
  8068 | D:8      | Noticed Psyche
  8091 | D:8      | Killed Psyche
  8091 | D:8      | Reached *** piety under Okawaru
  8092 | D:8      | Reached skill level 1 in Throwing
  8147 | D:8      | Reached XP level 10. HP: 42/60 MP: 10/10
  8589 | D:8      | Reached skill level 1 in Invocations
  8638 | D:8      | Noticed Prince Ribbit
  8653 | D:8      | Killed Prince Ribbit
  8740 | D:8      | Noticed Maggie
  8763 | D:8      | Killed Maggie
  9624 | D:8      | Reached **** piety under Okawaru
  9994 | D:8      | Reached ***** piety under Okawaru
 10116 | D:9      | Noticed a brown ugly thing
 10161 | D:8      | Killed a brown ugly thing
 10161 | D:8      | Received a gift from Okawaru
 10162 | D:8      | Reached XP level 11. HP: 30/66 MP: 14/14
 10375 | D:9      | Noticed a boulder beetle
 10402 | D:9      | Killed a boulder beetle
 10454 | D:9      | Noticed a boulder beetle
 10473 | D:9      | Noticed a tengu warrior
 10525 | D:8      | Killed a tengu warrior
 10526 | D:8      | Reached skill level 5 in Invocations
 10734 | D:9      | Killed a boulder beetle
 10770 | D:9      | Noticed a centaur warrior
 10774 | D:9      | Identified the +8 scimitar of the Dungeon {drain, rElec
                  | rF+}
 10782 | D:9      | Noticed a centaur warrior
 10790 | D:9      | Slain by an acid dragon

Illustrated notes

Levels and vault maps discovered:
D:1:      eino_arrival_water_star, layout_basic,
          hellmonk_ecumenical_altar_heavens_door
D:2:      layout_basic, serial_corexii_hall, corexii_hall_statues_s,
          chequers_hall_statues_y, corexii_hall_statues_i,
          corexii_hall_statues_x, pf_guarded_unrand_woodcutter
D:3:      layout_rooms, grunt_temple_overflow_open, minmay_box_of_dots
D:4:      layout_gridville, lemuel_mausoleum_altar_kikubaaqudgha,
          elyvilon_altar_5, mainiacjoe_overflow_catwalk,
          minmay_temple_entry_tees, amcnicky_mini_pool_small
D:5:      layout_cave_pods, gup_sewer_entry_bowl, chequers_arboretum,
          nicolae_the_louvre, uniq_menkaure
D:6:      layout_basic, fedhas_altar_1
D:7:      layout_basic, nicolae_titane, uniq_pikel, uniq_jeremiah
D:8:      layout_basic, uniq_maggie, uniq_prince_ribbit1, uniq_psyche
D:9:      minmay_cut_squares, layout_long_grid, serial_shops,
          nicolae_shop_tiny_waterfront, hangedman_misty_isle
Temple:   nicolae_temple_godzebo

Skill      XL: |  1  2  3  4  5  6  7  8  9 10 11 |
---------------+----------------------------------+-----
Dodging        | 1 2 3 4 |  4.5
Maces & Flails | 3 4 5 7 8 9 |  9.8
Armour         | 4 5 6 7 9 |  9.4
Shields        | 4 5 6 8 9 |  9.1
Fighting       | 4 5 6 |  6.7
Stealth        | 1 |  1.3
Throwing       | 1 |  1.6
Invocations    | 4 5 |  5.0

Action                     |  1- 3 |  4- 6 |  7- 9 | 10-12 || total
---------------------------+-------+-------+-------+-------++-------
  Melee: Flail             |    44 |       |       |       ||    44
         Whip              |    44 |   248 |   736 |   410 ||  1438
  Throw: Dart              |       |       |    17 |    14 ||    31
 Invoke: Heroism           |       |       |       |     4 ||     4
    Use: Potion            |       |       |       |     1 ||     1
 Armour: Scale mail        |    39 |       |       |       ||    39
         Chain mail        |    20 |   157 |   468 |   296 ||   941
         Skin              |       |       |     9 |       ||     9
  Dodge: Dodged            |    45 |    68 |   220 |   137 ||   470
  Block: Buckler           |    14 |    43 |    92 |       ||   149
         Kite shield       |       |       |   101 |   206 ||   307
